 Dungeon Crawl Stone Soup version 0.29.1-2-gbd0b4ee654 (webtiles) character file.

Game seed: 14415562714993007566

5485 LustLizard the Arsonist (level 10, -6/86 HPs)
             Began as a Hill Orc Fire Elementalist on Nov 7, 2022.
             Was a Believer of Beogh.
             Mangled by a troll (11 damage)
             ... on level 10 of the Dungeon.
             The game lasted 00:20:21 (10963 turns).

LustLizard the Arsonist (HOFE)                     Turns: 10963, Time: 00:20:22

Health: -6/86      AC:  6    Str: 14    XL:     10   Next: 69%
Magic:  17/17      EV: 16    Int: 15    God:    Beogh [**....]
Gold:   395        SH:  0    Dex: 17    Spells: 6/18 levels left

rFire   + . .      SeeInvis .   t - +6 shortbow of Naxosex {speed, rF+ Dex+4}
rCold   . . .      Faith    .   (shield currently unavailable)
rNeg    . . .      Spirit   .   o - +2 robe {Will+}
rPois   .          Reflect  .   r - +2 hat
rElec   .          Harm     .   (no cloak)
rCorr   +          Rampage  .   (no gloves)
Will    +....                   (no boots)
Stlth   +++.......              (no amulet)
HPRegen 0.24/turn               y - ring of resist corrosion
MPRegen 0.15/turn               C - +4 ring of evasion

@: no status effects
A: no striking features
a: Renounce Religion, Smiting


You were on level 10 of the Dungeon.
You worshipped Beogh.
Beogh was pleased with you.
You visited 1 branch of the dungeon, and saw 10 of its levels.

You collected 419 gold pieces.
You spent 24 gold pieces at shops.

Inventory:

Hand Weapons
 c - a +0 dagger
 e - a +0 short sword
 s - a +0 war axe
 t - the +6 shortbow of Naxosex (weapon) {speed, rF+ Dex+4}
   (You found it on level 3 of the Dungeon)

   Attacks with this weapon are significantly faster.
   Dex:       It affects your dexterity (+4).
   rF:        It protects you from fire.
Missiles
 n - a throwing net
Armour
 a - a +0 robe
 h - a +0 leather armour
 o - a +2 robe of willpower (worn)
 r - a +2 hat (worn)
Jewellery
 y - a ring of resist corrosion (left hand)
 C - a +4 ring of evasion (right hand)
Wands
 w - a wand of charming (5)
 z - a wand of mindburst (9)
 B - a wand of light (8)
 G - a wand of iceblast (11)
Scrolls
 f - 2 scrolls of amnesia
 g - 4 scrolls of teleportation
 i - 2 scrolls of summoning {unknown}
 m - 2 scrolls of enchant armour
 p - a scroll of magic mapping
 u - 2 scrolls of enchant weapon {unknown}
 v - a scroll of immolation {unknown}
 x - 2 scrolls of brand weapon {unknown}
 F - a scroll of fear {unknown}
Potions
 b - a potion of magic
 d - 5 potions of curing
 j - 2 potions of degeneration
 k - 2 potions of attraction
 l - 5 potions of flight
 q - 2 potions of heal wounds
 A - a potion of cancellation {unknown}
 D - a potion of lignification {unknown}
 E - 2 potions of haste {unknown}
 H - a potion of resistance {unknown}
Miscellaneous
 I - a condenser vane


   Skills:
 + Level 7.1 Fighting
 * Level 6.9 Ranged Weapons
 - Level 1.5 Dodging
 - Level 4.0 Stealth
 - Level 4.8 Spellcasting
 - Level 8.3 Conjurations
 - Level 3.0 Translocations
 - Level 9.7 Fire Magic
 * Level 1.4 Invocations
 * Level 1.0 Evocations


You had 6 spell levels left.
You knew the following spells:

 Your Spells              Type           Power      Damage    Failure   Level
a - Foxfire               Conj/Fire      100%       2x1d9     1%          1
b - Scorch                Fire           64%        2d8       1%          2
c - Inner Flame           Hex/Fire       18%        N/A       7%          3
d - Flame Wave            Conj/Fire      30%        2d9       4%          4
e - Blink                 Tloc           24%        N/A       8%          2

Your spell library contained the following spells:

 Spells                   Type           Power      Damage    Failure   Level
 Conjure Flame            Conj/Fire      30%        6-21      1%          3
 Slow                     Hex            12%        N/A       17%         1
 Summon Small Mammal      Summ           12%        N/A       17%         1
 Sublimation of Blood     Necr           3%         N/A       26%         2
 Wereblood                Tmut           3%         N/A       26%         2
 Call Canine Familiar     Summ           3%         N/A       45%         3
 Confusing Touch          Hex            3%         N/A       45%         3
 Summon Guardian Golem    Hex/Summ       3%         N/A       45%         3
 Vampiric Draining        Necr           3%         2d6       45%         3
 Manifold Assault         Tloc           12%        N/A       80%         5
 Storm Form               Tmut/Air       1%         N/A       100%        7
 Summon Hydra             Summ           1%         N/A       100%        7


Dungeon Overview and Level Annotations

Branches:
Dungeon (10/15)            Temple (0/1) D:4             Orc (0/2) D:9
   Lair: D:8-11

Altars:
Ashenzari
Cheibriados
Elyvilon
Hepliaklqana
Makhleb
Nemelex Xobeh
Okawaru
Ru
Uskayaw
Vehumet
Wu Jian
Yredelemnul
Zin
The Shining One

Shops:
D:1 ?

Annotations:
D:5 1 transporter
D:7 2 transporters, Icepheonix32's ghost, novice DgTm; Joseph
D:8 1 runed translucent door, Maggie


Message History

You shoot an arrow. The arrow hits the acid dragon.
The acid dragon is heavily wounded.
You shoot an arrow. The arrow hits the acid dragon.
The acid dragon is severely wounded.
You shoot an arrow.
The arrow closely misses the acid dragon.
The arrow hits the troll but does no damage.
You shoot an arrow.
The arrow closely misses the acid dragon.
The arrow closely misses the troll.
You shoot an arrow. The arrow hits the acid dragon!
You kill the acid dragon!
Beogh accepts your kill.
The acid dragon scales are intact enough to wear.
Your Evocations skill increases to level 1!
You shoot an arrow. The arrow hits the troll!
The troll is moderately wounded.
The troll completely misses you. The troll claws you but does no damage.
The troll barely misses you.
You shoot an arrow. The arrow hits the troll!
The troll is heavily wounded.
You shoot an arrow. The arrow hits the troll!
The troll is almost dead.
The troll bites you! The troll closely misses you. The troll claws you.
You shoot an arrow. The arrow hits the troll.
The troll is almost dead.
The troll bites you! The troll claws you! x2
* * * LOW HITPOINT WARNING * * *
You are too injured to fight recklessly!
You are too injured to fight recklessly!
You are too injured to fight recklessly!
Fire: t) +6 shortbow of Naxosex {speed, rF+ Dex+4}
Press: ? - help, Q - select action, (/) - cycle Shift-Dir - straight line, f/p - troll
Aim: a troll (almost dead, 71% to hit)
You shoot an arrow. The arrow hits the troll.
The troll is almost dead.
The troll bites you!
* * * LOW HITPOINT WARNING * * *
The troll barely misses you. The troll claws you!
You die...

################
#..<............
#######...............
#..............@T.....#
#.##.##...#########.)..
##.##.##...# $
#..........#
#..##>##.#.#
#..##.##.#.#
#........#.#
......####[# ...#..# .#


You could see a troll.

Vanquished Creatures
  Pikel (D:5)
  A kobold demonologist (D:10)
  Sigmund (D:3)
  A wyvern (D:8)
  4 yaks (D:9)
  Eustachio (D:5)
  3 steam dragons
  Edmund (D:6)
  Menkaure (D:6)
  An acid dragon (D:10)
  2 water moccasins
  A black bear (D:6)
  2 ice beasts
  An orc warrior (D:9)
  3 ogres
  4 centaurs
  A phantom (D:4)
  3 lemures
  5 bullfrogs
  2 kobold brigands
  A gnoll sergeant (D:9)
  3 scorpions
  A jelly (D:6)
  3 orc priests
  Jessica (D:2)
  Ijyb (D:5)
  2 iguanas
  4 orc wizards
  A hound skeleton (D:2)
  17 gnolls
  6 adders
  A shadow imp (D:7)
  2 white imps
  2 ufetubi (D:6)
  3 adder zombies (D:2)
  An adder skeleton (D:2)
  A worm (D:2)
  30 orcs
  A bat skeleton (D:2)
  2 endoplasms
  2 giant cockroaches (D:2)
  8 goblins
  6 hobgoblins
  2 jackals (D:1)
  9 kobolds
  6 quokkas
  15 ball pythons
  A ball python skeleton (D:2)
  7 bats
  7 frilled lizards
  A giant cockroach zombie (D:2)
  A quokka zombie (D:2)
  4 rats
191 creatures vanquished.

Vanquished Creatures (collateral kills)
  8 foxfires
8 creatures vanquished.

Vanquished Creatures (others)
  An orc priest (D:5)
  An orc wizard (D:5)
  335 foxfires
  A plant (D:1)
338 creatures vanquished.

Grand Total: 537 creatures vanquished

Notes
Turn   | Place    | Note
-------+----------+-------------------------------------------
     0 | D:1      | LustLizard the Hill Orc Fire Elementalist began the quest
                  | for the Orb.
     0 | D:1      | Reached XP level 1. HP: 14/14 MP: 3/3
   357 | D:1      | Reached XP level 2. HP: 20/20 MP: 2/4
   909 | D:1      | Reached XP level 3. HP: 24/27 MP: 0/5
  1018 | D:1      | Learned a level 2 spell: Scorch
  1225 | D:1      | Found Xyaf's Magic Scroll Shoppe.
  1274 | D:1      | Bought a scroll of identify for 24 gold pieces
  1442 | D:1      | You fall into a shaft and drop 1 floor!
  1472 | D:2      | Reached skill level 1 in Fighting
  2118 | D:2      | Reached XP level 4. HP: 35/35 MP: 1/6
  2329 | D:2      | Reached skill level 4 in Fire Magic
  2405 | D:2      | Noticed Jessica
  2528 | D:3      | Noticed Sigmund
  2536 | D:3      | Killed Sigmund
  2537 | D:3      | Reached XP level 5. HP: 21/41 MP: 0/8
  2537 | D:3      | Reached XP level 6. HP: 24/48 MP: 0/9
  2719 | D:2      | Killed Jessica
  3080 | D:1      | Found a faded altar of an unknown god.
  3285 | D:3      | Found a hazy altar of Hepliaklqana.
  3465 | D:2      | Reached skill level 5 in Fire Magic
  3699 | D:3      | Found a radiant altar of Vehumet.
  4012 | D:3      | Identified the +6 shortbow of Naxosex {speed, rF+ Dex+4}
  4030 | D:3      | Learned a level 3 spell: Inner Flame
  4129 | D:4      | Reached XP level 7. HP: 56/56 MP: 3/10
  4292 | D:4      | Found a staircase to the Ecumenical Temple.
  4323 | D:4      | Reached skill level 9 in Fire Magic
  4323 | D:4      | Reached XP level 8. HP: 62/62 MP: 11/11
  4329 | D:4      | Learned a level 4 spell: Flame Wave
  4365 | D:4      | Found a basalt altar of Yredelemnul.
  4378 | D:4      | Noticed a torpor snail
  4379 | D:4      | Found a snail-covered altar of Cheibriados.
  4381 | D:4      | Noticed a torpor snail
  4381 | D:4      | Noticed a torpor snail
  4413 | D:4      | Learned a level 2 spell: Blink
  4437 | D:4      | Found a broken altar of Ashenzari.
  4469 | D:4      | Found an ornate altar of the Wu Jian Council.
  4709 | D:5      | Entered Level 5 of the Dungeon
  4723 | D:5      | Became a worshipper of Beogh the Brigand
  4931 | D:5      | Reached skill level 1 in Translocations
  4955 | D:5      | Noticed Eustachio
  4964 | D:5      | Killed Eustachio
  4997 | D:5      | Found a sacrificial altar of Ru.
  5031 | D:5      | Noticed Pikel
  5201 | D:4      | Reached XP level 9. HP: 56/70 MP: 13/13
  5830 | D:5      | Found a sparkling altar of Nemelex Xobeh.
  5830 | D:5      | Found a transporter.
  5910 | D:5      | Noticed Ijyb
  5935 | D:5      | Killed Ijyb
  6071 | D:6      | Noticed Menkaure
  6081 | D:6      | Killed Menkaure
  6097 | D:6      | Reached * piety under Beogh
  6586 | D:6      | Noticed Edmund
  6606 | D:6      | Killed Edmund
  7152 | D:7      | Found a transporter.
  7242 | D:7      | Noticed Icepheonix32's ghost (novice DgTm)
  7445 | D:7      | Found a transporter.
  7454 | D:7      | Noticed Joseph
  7744 | D:5      | Killed Pikel
  7745 | D:5      | Reached skill level 5 in Fighting
  7745 | D:5      | Reached XP level 10. HP: 81/81 MP: 15/15
  8370 | D:8      | Found a runed translucent door.
  8716 | D:8      | Noticed Maggie
  8866 | D:8      | Found an iron altar of Okawaru.
  8961 | D:8      | Found a hide-covered altar of Uskayaw.
  9309 | D:8      | Found a glowing golden altar of the Shining One.
  9309 | D:8      | Found a white marble altar of Elyvilon.
  9314 | D:8      | Found a glowing silver altar of Zin.
  9502 | D:8      | Found a burning altar of Makhleb.
  9502 | D:8      | Noticed a sixfirhy
  9621 | D:9      | Found a staircase to the Orcish Mines.
 10395 | D:9      | Reached ** piety under Beogh
 10743 | D:10     | Entered Level 10 of the Dungeon
 10806 | D:10     | Noticed a kobold demonologist
 10838 | D:10     | Killed a kobold demonologist
 10839 | D:10     | Reached skill level 1 in Invocations
 10959 | D:10     | Reached skill level 1 in Evocations
 10963 | D:10     | Mangled by a troll

Illustrated notes

Levels and vault maps discovered:
D:1:      reono_arrival_mine, layout_basic,
          hellmonk_ecumenical_altar_leap_of_faith, serial_shops,
          nicolae_square_shop, minmay_shallow_snake_nest
D:2:      cheibrodos_helix_gallery, layout_rooms, serial_undead,
          serial_undead_a, serial_undead_f, serial_undead_c, serial_undead_a,
          serial_undead_f, serial_undead_e, serial_undead_f, serial_undead_f,
          serial_undead_b, serial_undead_c, uniq_jessica
D:3:      layout_basic, mainiacjoe_overflow_tiny_flanked,
          overflow_temple_1_default, dreamdust_mushroom_princess, uniq_sigmund
D:4:      layout_rooms, cheibriados_altar_2,
          nicolae_wu_jian_immortal_techniques, mainiacjoe_overflow_swirl,
          minmay_temple_entry_tees, minivault_23
D:5:      layout_loops_ring, grunt_nemelex_the_gamble,
          nicolae_ru_the_path_less_chosen, uniq_pikel, uniq_ijyb, uniq_eustachio
D:6:      layout_gridville, uniq_edmund, uniq_menkaure
D:7:      layout_rooms, serial_corexii_hall, chequers_hall_statues_y,
          corexii_hall_statues_i, gammafunk_ghost_stat_death, uniq_joseph
D:8:      layout_layer_cave, dreamdust_divine_triumvirate, lemuel_doored_altar,
          nzn_makhleb_speed_demon, kennysheep_little_box, uniq_maggie
D:9:      layout_roguey, orc_0_dummy
D:10:     layout_loops_ring, nzn_life_drinkers, uniq_urug

Skill      XL: |  1  2  3  4  5  6  7  8  9 10 |
---------------+-------------------------------+-----
Fighting       | 1 2 3 5 7 |  7.1
Conjurations   | 2 3 8 |  8.3
Stealth        | 2 3 4 |  4.0
Fire Magic     | 4 5 9 |  9.7
Spellcasting   | 2 3 4 |  4.8
Ranged Weapons | 6 |  6.9
Translocations | 1 3 |  3.0
Invocations    | 1 |  1.4
Evocations     | 1 |  1.0
Dodging        | |  1.5

Action                   |  1- 3 |  4- 6 |  7- 9 | 10-12 || total
-------------------------+-------+-------+-------+-------++-------
Melee: Dagger            |     3 |       |       |       ||     3
       Short sword       |    26 |    16 |       |       ||    42
 Fire: Shortbow          |       |    12 |   278 |   171 ||   461
Throw: Throwing net      |       |       |     1 |       ||     1
 Cast: Foxfire           |    85 |    80 |     8 |    15 ||   188
       Scorch            |     2 |     1 |     2 |       ||     5
Invok: Convert to Beogh  |       |       |     1 |       ||     1
Evoke: Wand              |       |       |     5 |       ||     5
  Use: Scroll            |     1 |     3 |     6 |       ||    10
       Potion            |       |       |     1 |       ||     1
 Stab: Sleeping          |       |     1 |       |       ||     1
Armor: Robe              |    11 |     4 |    13 |    10 ||    38
       Leather armour    |     1 |     3 |       |       ||     4
Dodge: Dodged            |    38 |    17 |    39 |    66 ||   160
